cohdb
Replays
Latest Replays
All Replays
Popular Replays
Top Player Replays
Match Explorer
How It Works
Community
CoH3 Stats
Reddit
Sign in to upload your games and track your stats! →
Sign in with Steam
Match 45696819
Unlisted
Match 45696819
Overview
Messages
Build Orders
End
Kettenkrad Recon Vehicle
Construct Infanterie Kompanie
Grenadier Squad
Grenadier Squad
Grenadier Squad
Grenadier Squad
Construct Luftwaffe Kompanie
Selects Mechanized Battlegroup
Selects Mechanized Battlegroup
221 Scout Car
Selects Mobile Repair Stations
Support Elements
chmod 777
InfectedCure
Nick
Profile
StrayTexel
Ordovician
0
0
Comments
sign in to comment!
No comments posted yet!